 Dungeon Crawl Stone Soup version 0.31-a0-816-gd61d57ddb1 (webtiles) character file.

Game seed: 9691014449885317246

51 Nedwor the Trooper (level 3, -3/29 HPs)
             Began as a Demonspawn Fighter on Sept 22, 2023.
             Killed from afar by an orc wizard (8 damage)
             ... with a puff of flame
             ... on level 3 of the Dungeon.
             The game lasted 00:02:28 (1993 turns).

Nedwor the Trooper (Demonspawn Fighter)             Turns: 1993, Time: 00:02:29

Health: -3/29      AC:  8    Str: 18    XL:     3   Next: 57%
Magic:  3/3        EV:  6    Int:  9    God:
Gold:   56         SH:  0    Dex: 12    Spells: 2/2 levels left

rFire   . . .        g - +0 broad axe
rCold   . . .        o - +0 tower shield
rNeg    + . .        b - +0 scale mail
rPois   .            (no helmet)
rElec   .            (no cloak)
rCorr   .            (no gloves)
SInv    .            (no boots)
Will    .....        (no amulet) Stlth
                     i - ring of positive energy
HPRegen 0.24/turn    (no ring)
MPRegen 0.08/turn

%: no passive effects
@: confused
A: slimy green scales 1, powered by pain 1
a: no special abilities


You were on level 3 of the Dungeon.
You visited 1 branch of the dungeon, and saw 3 of its levels.

You collected 56 gold pieces.

Inventory:

Hand Weapons
 a - a +0 rapier
 g - a +0 broad axe (weapon)
Armour
 b - a +0 scale mail (worn)
 o - a +0 tower shield (worn)
Jewellery
 i - a ring of positive energy (left hand)
Wands
 f - a wand of mindburst (17)
Scrolls
 c - a scroll of identify {unknown}
 e - a scroll of enchant armour {unknown}
Potions
 d - a potion of might
 h - a potion of lignification {unknown}
 j - a potion of heal wounds {unknown}
 k - 2 potions of haste {unknown}
 l - a potion of ambrosia {unknown}
 m - 3 potions of mutation {unknown}
 n - 2 potions of magic {unknown}


   Skills:
 + Level 3.3 Fighting
 - Level 2.1 Short Blades
 * Level 1.2 Axes
 + Level 3.0 Armour
 + Level 3.0 Shields


You had 2 spell levels left.
You didn't know any spells.
Your spell library contained the following spells:

 Spells                   Type           Power      Damage    Failure   Level
 Foxfire                  Conj/Fire      0%         2x1d4     100%        1
 Plasma Beam              Fire/Air       0%         2x1d10    100%        6
 Starburst                Conj/Fire      0%         6d3       100%        6


Dungeon Overview and Level Annotations

Branches:
Dungeon (3/15)

Altars:


Innate Abilities, Weirdness & Mutations

You are partially covered in slimy green scales. (AC +2)
You sometimes gain a little power by taking damage.


Message History

You are too injured to fight recklessly!
You are too injured to fight recklessly!
Unknown command.
Unknown command.
You are too injured to fight recklessly!
Unknown command.
You are too injured to fight recklessly!
You are too injured to fight recklessly!
You barely miss the orc wizard.
The orc wizard is almost dead.
The orc wizard hits you but does no damage.
The orc wizard casts a spell.
The orc wizard flickers and vanishes!
Deactivating autopickup; reactivate with Ctrl-A.
You hit something but do no damage.
You hear some strange, mumbled words.
You are confused.
Something hits you.
Something hits you but does no damage. x2
You completely miss something. Something hits you but does no damage.
Something hits you. Something hits you but does no damage.
You barely miss something.
You feel less confused.
You hear some strange, mumbled words.
You are confused.
Something hits you.
* * * LOW HITPOINT WARNING * * *
You hear some strange, mumbled words.
You are more confused.
You completely miss something. Something hits you but does no damage.
You hear some strange, mumbled words.
A magic dart appears from out of thin air!
The magic dart hits you.
* * * LOW HITPOINT WARNING * * *
You completely miss something.
You hear some strange, mumbled words.
A puff of flame appears from out of thin air!
The puff of flame hits you!
You die...

#.....<.....#
#.###.....#.####
#...##.......#
#..... #.##.##.#
#..... #.##(##.###.
#..... #.##........
#.#...##.##.##.###.
...$....$...##.#
......)..{@#
.######.#### #.#
... .### #. #


There were no monsters in sight!

Vanquished Creatures
  An adder (D:2)
  A worm (D:2)
  A dart slug (D:1)
  An orc (D:3)
  2 endoplasms (D:2)
  3 goblins (D:2)
  2 hobgoblins
  3 jackals (D:1)
  4 quokkas
  4 bats
  4 frilled lizards
  5 kobolds
  5 rats
36 creatures vanquished.

Notes
Turn   | Place    | Note
-------+----------+-------------------------------------------
     0 | D:1      | Nedwor the Demonspawn Fighter began the quest for the Orb.
     0 | D:1      | Reached XP level 1. HP: 18/18 MP: 1/1
   722 | D:1      | Gained mutation: You sometimes gain a little power by
                  | taking damage. [demonic ancestry]
   722 | D:1      | Reached XP level 2. HP: 22/24 MP: 2/2
  1390 | D:2      | Gained mutation: You are partially covered in slimy green
                  | scales. (AC +2) [demonic ancestry]
  1390 | D:2      | Reached XP level 3. HP: 27/29 MP: 3/3
  1485 | D:2      | Reached skill level 1 in Axes
  1993 | D:3      | Killed from afar by an orc wizard

Illustrated notes

Levels and vault maps discovered:
D:1:      dpeg_arrival_stone_temple_mockup, layout_basic
D:2:      layout_loops_ring
D:3:      layout_loops_ring

Skill      XL: |  1  2  3 |
---------------+----------+-----
Short Blades   | 2 |  2.1
Armour         | 3 |  3.0
Shields        | 3 |  3.0
Axes           | 1 |  1.2
Fighting       | |  3.3

Action                     || total
---------------------------++-------
  Melee: Broad axe         ||   113
    Use: Scroll            ||     6
 Armour: Scale mail        ||   116
  Dodge: Dodged            ||    44
  Block: Buckler           ||    17
         Tower shield      ||    45

Table legend: (Time is in decaauts)
 A = Elapsed time spent in this place.
 B = Non-inter-level travel time spent in this place.
 C = Inter-level travel time spent in this place.
 D = Time resting spent in this place.
 E = Time spent auto-exploring this place.
 F = Levels seen in this place.
 G = Mean time per level.
                   A        B        C        D        E       F      G
               +--------+--------+--------+--------+--------+-----+--------+
         Total |   2080 |   2021 |     59 |    479 |   1166 |   3 |  693.3 |
       Dungeon |   2080 |   2021 |     59 |    479 |   1166 |   3 |  693.3 |
               +--------+--------+--------+--------+--------+-----+--------+

Top non-repeatable levels by time:
     D:1: 1312 daAuts
     D:2: 727 daAuts
     D:3: 41 daAuts
